Map: Thunderbird LE

Players

Maxilicious

  • Race: Terran Terran
  • Spawn Location: 11:00

A.I. 1 (Very Easy) - Winner!

  • Race: Terran Terran
  • Spawn Location: 5:00

VOD

Have the link to the VOD?

Description

Time

  • Played on: Sept. 30, 2019, 8:27 a.m.
  • Length: 4:45
Show
View Real Time Build Order
Export as new Build Order

Maxilicious Terran 

Build Orders: Reaper Expand 

Get SALT Encoding   

  12  0:01  SCV  
  13  0:13  SCV  
  14  0:17  Supply Depot  
  14  0:25  SCV  
  15  0:39  SCV  
  15  0:41  Barracks  
  16  0:44  Refinery  
  16  0:51  SCV  
  17  1:03  SCV  
  18  1:15  SCV  
  19  1:28  Orbital Command  
  19  1:29  Reaper  
  20  1:44  Command Center  
  20  1:53  SCV  
  21  1:59  Supply Depot  
  21  2:01  Marine  
  22  2:09  Factory  
  22  2:13  SCV  
  23  2:22  Barracks Reactor  
  23  2:25  SCV  
  24  2:37  SCV  
  25  2:47  Command Center  
  25  2:49  SCV  
  26  2:53  Factory Tech Lab  
  26  2:59  Refinery  
  26  3:01  Orbital Command  
  26  3:06  SCV  
  26  3:07  Marine x2  
  29  3:15  Cyclone  
  32  3:22  SCV  
  32  3:25  Marine x2  
  36  3:27  SCV  
  36  3:38  SCV, Starport  
  37  3:42  SCV  
  37  3:43  Marine x2  
  40  3:52  SCV  
  41  3:56  SCV  
  41  3:57  Factory Tech Lab, Refinery  
  41  4:01  Marine x2, Orbital Command  
  44  4:04  SCV  
  44  4:09  SCV  
  46  4:16  SCV  
  47  4:18  Marine  
  47  4:19  Marine  
  47  4:21  SCV  
  52  4:32  Barracks x2  
  52  4:33  SCV x2  
  58  4:45  Supply Depot, Refinery  
Show
View Real Time Build Order
Export as new Build Order

A.I. 1 (Very Easy) Terran - Winner!

Build Orders:  

Get SALT Encoding   

  12  0:00  SCV  
  13  0:13  SCV  
  14  0:18  Supply Depot  
  14  0:37  Refinery  
  14  0:42  Barracks  
  14  1:03  Supply Depot  
  14  1:11  Refinery  
  14  1:29  Orbital Command, Barracks Tech Lab  
  14  1:47  Marine  
  15  1:55  SCV  
  16  2:07  SCV  
  17  2:19  SCV  
  18  2:28  Marine  
  19  2:31  SCV  
  20  2:43  SCV  
  21  2:55  SCV  
  22  3:09  Marauder  
  24  4:18  SCV  
Tags
 
Matchup
TvT
Race
Terran
Spawn Locations
Cross Positions
Add a new tag
Caveats
  • Supply blocks, unpowered buildings, or Contaminate may cause inaccurate times.
  • Supply counts are checked every 10 seconds.